 Dungeon Crawl Stone Soup version 0.18.1-50-g88ac8fd (webtiles) character file.

5926 Peloso the Blocker (level 10, 0/90 HPs)
             Began as a Minotaur Fighter on Sept 24, 2016.
             Was a Follower of Okawaru.
             Incinerated by Nordron's ghost (2 damage)
             ... with a sticky flame
             ... on level 9 of the Dungeon.
             The game lasted 00:22:29 (9693 turns).

Peloso the Blocker (Minotaur Fighter)               Turns: 9693, Time: 00:22:30

Health: 0/90       AC: 16    Str: 22    XL:     10   Next: 53%
Magic:  9/9        EV: 14    Int:  5    God:    Okawaru [*.....]
Gold:   646        SH: 14    Dex: 12    Spells: 0 memorised, 9 levels left

rFire  + . .     SeeInvis .     a - +1 long sword
rCold  . . .     Gourm    .     d - +4 scale mail {rPois}
rNeg   . . .     Faith    .     O - +2 shield
rPois  +         Spirit   .     (helmet restricted)
rElec  .         Dismiss  .     A - +1 cloak
rCorr  .         Reflect  .     (no gloves)
SustAt .         Harm     .     J - +0 pair of boots
MR     .....                    (no amulet)
Stlth  ..........               z - ring of protection from fire
                                E - +2 ring of evasion

@: liquid flames, flying, glowing, not resistant to hostile enchantments,
extremely unstealthy
A: retaliatory headbutt, horns 2
a: Heroism, Renounce Religion


You were on level 9 of the Dungeon.
You worshipped Okawaru.
Okawaru was aware of your devotion.
You were hungry.

You visited 2 branches of the dungeon, and saw 11 of its levels.

You collected 646 gold pieces.

Inventory:

Hand Weapons
 a - a +1 long sword (weapon)
 D - the +0 mace of Fury {crush, *Rage rElec Int+2}
   (You found it on level 7 of the Dungeon)

   It inflicts extra damage upon your enemies.
   It affects your intelligence (+2).
   It insulates you from electricity.
   It may make you go berserk in combat.
Armour
 c - a +0 shield
 d - a +4 scale mail of poison resistance (worn)
 s - a +0 cloak
 w - a +0 plate armour
 A - a +1 cloak (worn)
 J - a +0 pair of boots (worn)
 O - a +2 shield (worn)
Jewellery
 e - an uncursed ring of positive energy
 p - an uncursed ring of magical power
 q - an uncursed ring of magical power
 z - a ring of protection from fire (right hand)
 E - a +2 ring of evasion (left hand)
 F - an uncursed ring of flight
Wands
 x - a wand of disintegration (8/24)
 B - a wand of disintegration (13/24)
 I - a wand of random effects (17/48)
 M - a wand of confusion (11/48)
 N - a wand of random effects (25/48)
Scrolls
 b - a scroll of teleportation
 m - a scroll of enchant armour
 o - 2 scrolls of remove curse
 t - a scroll of magic mapping
 u - 2 scrolls of enchant weapon
 y - a scroll of identify
Potions
 g - a potion of haste
 j - 3 potions of flight
 n - 3 potions of brilliance {unknown}
 r - a potion of ambrosia {unknown}
 v - a potion of invisibility {unknown}
 C - 2 potions of resistance {unknown}
 H - 2 potions of mutation {unknown}
Books
 k - an Akashic Record

   Spells                             Type                      Level
   a - Dispersal                      Translocation                6
   b - Malign Gateway                 Summoning/Translocation      7
   c - Disjunction                    Translocation                8
   d - Controlled Blink               Translocation                8
 P - the Volume of the Shifting Oath
   (You found it on level 9 of the Dungeon)

   Spells                             Type                      Level
   a - Corona                         Hexes                        1
   b - Confusing Touch                Hexes                        2
   c - Tukima's Dance                 Hexes                        3
   d - Summon Guardian Golem          Hexes/Summoning              3
   e - Leda's Liquefaction            Hexes/Earth                  4
   f - Statue Form                    Transmutation/Earth          6
Comestibles
 f - 8 bread rations
 h - 7 meat rations
 l - 7 fruits
 G - a royal jelly


   Skills:
 + Level 8.4 Fighting
 + Level 8.6 Long Blades
 + Level 9.3 Armour
 + Level 6.8 Dodging
 + Level 2.0 Stealth
 + Level 10.5 Shields


You had 9 spell levels left.
You didn't know any spells.

Dungeon Overview and Level Annotations

Branches:
Dungeon (10/15)            Temple (1/1) D:7            Lair (0/8) D:10
    Orc (0/2) D:9

Altars:
Ashenzari
Cheibriados
Dithmenos
Elyvilon
Fedhas
Gozag
Kikubaaqudgha
Makhleb
Nemelex Xobeh
Okawaru
Pakellas
Qazlal
Ru
Sif Muna
Trog
Vehumet
Xom
Yredelemnul
Zin
The Shining One

Annotations:
D:10 Nordron's ghost, journeyman GrFE


Innate Abilities, Weirdness & Mutations

You reflexively headbutt those who attack you in melee.
You have a pair of horns on your head.


Message History

You start resting.
You are covered in liquid flames!
* * * LOW HITPOINT WARNING * * *
You start resting.
You are covered in liquid flames!
* * * LOW HITPOINT WARNING * * *
You start resting.
You are covered in liquid flames!
* * * LOW HITPOINT WARNING * * *
You start resting.
You are covered in liquid flames!
* * * LOW HITPOINT WARNING * * *
You are covered in liquid flames!
* * * LOW HITPOINT WARNING * * *
Drink which item? (? for menu, Esc to quit)
It was a potion of flight.
You feel very buoyant.
You fly up into the air.
You are covered in liquid flames!
You die...

#.#.......♣♣♣.......♣♣♣....
#.##.....♣♣ ♣♣.....♣♣ ♣♣...
#.####..♣♣ ♣♣♣.♣♣♣ ♣♣##
#......## ♣♣♣ ######.###
####
#.....###############...
##.#.##........##.##...#.
#....##........#...#...#.
#..####.@..........#.....
#..####.[......#...#..##.
#..............#####..##.
######[#.......# #.....
#.######### ##.### #.#
##.#######.# #.#
##..........#
###.####....)#######
#......#.....#


There were no monsters in sight!

Vanquished Creatures
  A centaur skeleton (D:10)
  The ghost of Peloso the Shield-Bearer, an amateur MiFi (D:4)
  A troll (D:9)
  A spriggan (D:7)
  A shadow (D:9)
  7 yaks
  2 hungry ghosts
  A hippogriff (D:8)
  A steam dragon (D:7)
  A soldier ant (D:10)
  2 insubstantial wisps (D:7)
  Edmund (D:4)
  A hell hound (D:10)
  2 orc warriors
  3 sky beasts (D:7)
  An ice beast (D:9)
  4 phantoms
  4 centaurs
  3 ogres
  Blork the orc (D:4)
  2 giant frogs (D:6)
  A scorpion (D:7)
  2 crimson imps
  A jelly (D:8)
  A giant frog zombie (D:8)
  2 centaur zombies
  8 orc wizards
  Crazy Yiuf (D:4)
  4 orc priests
  4 hounds
  5 worker ants
  Terence (D:3)
  2 killer bee zombies
  A hound skeleton (D:7)
  A howler monkey skeleton (D:5)
  A howler monkey zombie (D:4)
  9 adders
  A shadow imp (D:8)
  2 oozes (D:1)
  3 adder skeletons
  3 worms (D:2)
  2 dart slugs (D:2)
  3 giant geckos
  22 orcs
  2 bat zombies (D:9)
  4 giant cockroaches
  6 goblins
  8 hobgoblins
  12 jackals
  3 kobolds
  6 quokkas
  A ball python (D:1)
  6 bats
  A giant gecko skeleton (D:9)
  6 giant newts
  6 rats
  2 rat zombies (D:9)
184 creatures vanquished.

Vanquished Creatures (others)
  A giant newt (D:6)
1 creature vanquished.

Grand Total: 185 creatures vanquished

Notes
Turn   | Place    | Note
--------------------------------------------------------------
     0 | D:1      | Peloso the Minotaur Fighter began the quest for the Orb.
     0 | D:1      | Reached XP level 1. HP: 19/19 MP: 0/0
   187 | D:1      | Reached XP level 2. HP: 27/27 MP: 1/1
   463 | D:1      | Reached skill level 4 in Shields
   584 | D:2      | Reached XP level 3. HP: 24/33 MP: 2/2
   762 | D:2      | Reached skill level 1 in Dodging
  1316 | D:3      | Noticed Terence
  1326 | D:3      | Killed Terence
  1326 | D:3      | Reached XP level 4. HP: 34/40 MP: 3/3
  1908 | D:4      | Noticed Edmund
  1930 | D:4      | Killed Edmund
  1930 | D:4      | Reached XP level 5. HP: 10/47 MP: 4/4
  2220 | D:4      | Noticed Crazy Yiuf
  2227 | D:4      | Killed Crazy Yiuf
  2227 | D:4      | Reached skill level 5 in Shields
  2321 | D:4      | Noticed Blork the orc
  2333 | D:4      | Killed Blork the orc
  2333 | D:4      | Reached skill level 5 in Armour
  2333 | D:4      | Reached XP level 6. HP: 39/53 MP: 5/5
  2368 | D:4      | Found a burning altar of Makhleb.
  2386 | D:4      | Found a blossoming altar of Fedhas.
  2399 | D:4      | Found a snail-covered altar of Cheibriados.
  2535 | D:4      | Reached skill level 1 in Stealth
  2549 | D:4      | Reached XP level 7. HP: 56/60 MP: 6/6
  2604 | D:4      | Noticed Peloso's ghost (amateur MiFi)
  2625 | D:4      | Killed Peloso's ghost
  2625 | D:4      | Reached skill level 5 in Fighting
  2625 | D:4      | Reached skill level 6 in Shields
  3033 | D:5      | Entered Level 5 of the Dungeon
  3108 | D:5      | Reached XP level 8. HP: 68/68 MP: 7/7
  3239 | D:5      | Reached skill level 5 in Long Blades
  3239 | D:5      | Reached skill level 7 in Shields
  3403 | D:5      | Found a blossoming altar of Fedhas.
  3471 | D:5      | Found a stormy altar of Qazlal.
  3532 | D:5      | Found a sparkling altar of Nemelex Xobeh.
  3533 | D:5      | Found a shimmering altar of Xom.
  3535 | D:5      | Found a shadowy altar of Dithmenos.
  3819 | D:6      | Reached skill level 5 in Dodging
  5147 | D:7      | Reached skill level 8 in Shields
  5357 | D:7      | Reached XP level 9. HP: 67/75 MP: 8/8
  5406 | D:7      | Found a staircase to the Ecumenical Temple.
  5414 | D:7      | Got a brightly glowing mace
  5415 | D:7      | Identified the cursed +0 mace of Fury {crush, *Rage rElec Int+2} (You found it on level 7 of the Dungeon)
  5423 | Temple   | Entered the Ecumenical Temple
  6284 | D:7      | Reached skill level 9 in Shields
  6752 | D:8      | Found an iron altar of Okawaru.
  6761 | D:8      | Became a worshipper of Warmaster Okawaru
  7186 | D:9      | Found a staircase to the Orcish Mines.
  7236 | D:9      | Found an ancient bone altar of Kikubaaqudgha.
  7637 | D:9      | Reached XP level 10. HP: 77/86 MP: 9/9
  7652 | D:9      | Reached * piety under Okawaru
  7685 | D:9      | Found a white marble altar of Elyvilon.
  7687 | D:9      | Identified the Volume of the Shifting Oath
  7823 | D:9      | HP: 2/88 [orc priest/divine providence (8)]
  8177 | D:9      | Reached skill level 10 in Shields
  8366 | D:10     | Entered Level 10 of the Dungeon
  8421 | D:10     | Reached ** piety under Okawaru
  8445 | D:10     | Found a staircase to the Lair.
  8640 | D:10     | Noticed Nordron's ghost (journeyman GrFE)
  9692 | D:9      | HP: 1/90 [burnt (4)]
  9693 | D:9      | Incinerated by Nordron's ghost

Skill      XL: |  1  2  3  4  5  6  7  8  9 10 |
---------------+-------------------------------+-----
Shields        | 4 5 6 8 9 10 | 10.5
Fighting       | 4 5 6 7 8 |  8.4
Armour         | 4 5 6 7 8 9 |  9.3
Dodging        | 1 2 3 4 5 6 |  6.8
Long Blades    | 3 4 6 7 8 |  8.6
Stealth        | 1 2 |  2.0

Action                   |  1- 3 |  4- 6 |  7- 9 | 10-12 || total
-------------------------+-------+-------+-------+-------++-------
Melee: Long sword        |   123 |    83 |   454 |   180 ||   840
       Headbutt          |    14 |    12 |   101 |    45 ||   172
Invok: Heroism           |       |       |       |     3 ||     3
  Use: Potion            |       |     1 |       |     2 ||     3
       Scroll            |       |       |    10 |     2 ||    12
  Eat: Chunk             |     2 |     3 |    14 |     3 ||    22
       Fruit             |       |       |     2 |       ||     2
       Bread ration      |       |       |     2 |       ||     2
       Beef jerky        |       |       |     1 |     1 ||     2
       Meat ration       |       |       |     2 |       ||     2
       Pizza             |       |       |       |     1 ||     1
Armor: Scale mail        |    62 |    30 |    77 |    46 ||   215
       Plate armour      |       |       |   103 |       ||   103
Dodge: Dodged            |    40 |    30 |   139 |    54 ||   263
Block: Shield            |    71 |    36 |   272 |   107 ||   486
